 Dungeon Crawl Stone Soup version 0.21-a0-273-g0785366 (webtiles) character file.

114 Lavandula the Ruffian (level 4, -12/37 HPs)
             Began as a Ghoul Warper on Sept 17, 2017.
             Was an Initiate of Cheibriados.
             Mangled by Menkaure (18 damage)
             ... on level 4 of the Dungeon.
             The game lasted 00:06:27 (1077 turns).

Lavandula the Ruffian (Ghoul Warper)                Turns: 1077, Time: 00:06:28

Health: -12/37     AC:  3    Str: 15    XL:     4   Next: 97%
Magic:  4/6        EV: 11    Int:  9    God:    Cheibriados [......]
Gold:   72         SH:  0    Dex: 10    Spells: 3/7 levels left

rFire    . . .     SeeInvis .     - Unarmed
rCold    + . .     Gourm    .   (no shield)
rNeg     + + +     Faith    .   a - +0 leather armour
rPois    ∞         Spirit   .   (no helmet)
rElec    .         Reflect  .   (no cloak)
rCorr    .         Harm     .   (no gloves)
MR       .....                  (no boots)
Stlth    +.........             (no amulet)
HPRegen  0.00/turn              (no ring)
MPRegen  0.10/turn              (no ring)

@: very slightly contaminated, rotting, very slow
A: rotting body, claws 1, carnivore 3, cold resistance 1, negative energy
resistance 3, inhibited regeneration, torment resistance, unbreathing
a: Bend Time, Renounce Religion


You were on level 4 of the Dungeon.
You worshipped Cheibriados.
Cheibriados was noncommittal.
You were not hungry.

You visited 2 branches of the dungeon, and saw 5 of its levels.

You collected 72 gold pieces.

Inventory:

Hand Weapons
 k - a +1 dagger of venom
Missiles
 d - 5 tomahawks of dispersal (quivered)
 q - 4 tomahawks
 r - 2 throwing nets
 s - 4 curare-tipped needles
Armour
 a - a +0 leather armour (worn)
Magical Staves
 j - an uncursed staff of death
Scrolls
 c - a scroll of blinking
 e - a scroll of recharging
 i - a scroll of amnesia {unknown}
 m - a scroll of identify {unknown}
 o - a scroll of fear {unknown}
 p - a scroll of enchant weapon {unknown}
 t - a scroll of remove curse {unknown}
Potions
 g - a potion of magic {unknown}
 h - a potion of lignification
 l - 2 potions of heal wounds {unknown}
Books
 b - a book of Spatial Translocations

   Spells                             Type                      Level
   a - Blink                          Translocation                2
   b - Shroud of Golubria             Charms/Translocation         2
   c - Lesser Beckoning               Translocation                3
   d - Gell's Gravitas                Translocation                3
   e - Teleport Other                 Translocation                3
   f - Passage of Golubria            Translocation                4
Comestibles
 f - 2 meat rations
 n - 2 royal jellies


   Skills:
 - Level 2.3 Fighting
 - Level 0.8 Throwing
 - Level 0.8 Armour
 - Level 1.8 Dodging
 - Level 5.0 Unarmed Combat
 + Level 2.2 Spellcasting
 - Level 2.6 Translocations


You had 3 spell levels left.
You knew the following spells:

 Your Spells              Type           Power        Failure   Level  Hunger
a - Blink                 Tloc           N/A          21%         2    ###....
b - Shroud of Golubria    Chrm/Tloc      #.........   34%         2    ###....


Dungeon Overview and Level Annotations

Branches:
Dungeon (4/15)             Temple (1/1) D:4

Altars:
Cheibriados
Dithmenos
Elyvilon
Gozag
Kikubaaqudgha
Makhleb
Ru
Xom
Yredelemnul

Annotations:
D:4 Menkaure


Innate Abilities, Weirdness & Mutations

Your body is rotting away.
You thrive on raw meat.
You are immune to poison.
You have sharp fingernails.
You are carnivorous and can eat meat at any time.
Your flesh is cold resistant. (rC+)
You are immune to negative energy. (rN+++)
You do not regenerate when monsters are visible.
You are immune to unholy pain and torment.
You can survive without breathing.


Message History

The orc closely misses you. Menkaure barely misses you.
You scratch Menkaure.
Menkaure is heavily damaged.
Menkaure hits you but does no damage. The orc barely misses you.
You scratch Menkaure.
Menkaure is severely damaged.
Menkaure closely misses you.
The orc hits you from afar with a trident.
You scratch Menkaure but do no damage.
Menkaure is severely damaged.
Menkaure hits you!
* * * LOW HITPOINT WARNING * * *
Okay, then.
Casting: Shroud of Golubria
Confirm with . or Enter, or press ? or * to list all spells.
You miscast Blink.
You are very lightly contaminated with residual magic.
Nothing appears to happen.
Menkaure closely misses you. The orc barely misses you. Menkaure hits you!!
You die...

# #....####
# #........
# #........
# #...#####
#..## ##.##
#o.# ##M##
##@##
##..##
##....##
#......#
#..###...##
# #..#
##...## #
.## ##...##
## #
###..## #.
## . ##..##
##.


You could see Menkaure and an orc.

Vanquished Creatures
  Natasha (D:3)
  4 adders
  A gnoll (D:4)
  2 dart slugs
  3 leopard geckos
  6 orcs (D:3)
  2 giant cockroaches
  4 goblins
  2 hobgoblins
  A ball python (D:3)
  A bat (D:3)
  3 frilled lizards
  A kobold (D:3)
  4 rats
35 creatures vanquished.

Notes
Turn   | Place    | Note
-------+----------+-------------------------------------------
     0 | D:1      | Lavandula the Ghoul Warper began the quest for the Orb.
     0 | D:1      | Reached XP level 1. HP: 17/17 MP: 2/2
   102 | D:1      | Reached XP level 2. HP: 25/25 MP: 3/3
   147 | D:2      | Learned a level 2 spell: Blink
   150 | D:2      | Learned a level 2 spell: Shroud of Golubria
   219 | D:3      | Reached skill level 3 in Unarmed Combat
   271 | D:3      | Reached XP level 3. HP: 16/30 MP: 0/4
   541 | D:3      | Reached skill level 4 in Unarmed Combat
   576 | D:3      | Noticed Natasha
   616 | D:3      | Killed Natasha
   616 | D:3      | Reached XP level 4. HP: 16/37 MP: 2/5
   835 | D:4      | Reached skill level 5 in Unarmed Combat
   841 | D:4      | Found a staircase to the Ecumenical Temple.
   850 | Temple   | Entered the Ecumenical Temple
   973 | Temple   | Became a worshipper of Cheibriados the Contemplative
  1058 | D:4      | Noticed Menkaure
  1077 | D:4      | Mangled by Menkaure

Vault maps used:
D:1:      dpeg_arrival_ratfight
D:2:      minmay_tetromino_o4
D:3:      first_bread, st_stairs_3, uniq_natasha
D:4:      temple_statues, serial_shops, shop, minmay_mini_ossuary, uniq_menkaure
Temple:   nicolae_temple_figure_zero

Skill      XL: |  1  2  3  4 |
---------------+-------------+-----
Unarmed Combat | 3 4 5 |  5.0
Spellcasting   | 2 |  2.2
Fighting       | |  2.3
Throwing       | |  0.8
Armour         | |  0.8
Dodging        | |  1.8
Translocations | |  2.6

Action                   |  1- 3 |  4- 6 || total
-------------------------+-------+-------++-------
Melee: Unarmed           |    79 |    64 ||   143
 Cast: Shroud of Golubri |     4 |     6 ||    10
       Blink             |       |     2 ||     2
  Use: Scroll            |       |     2 ||     2
       Potion            |       |     1 ||     1
  Eat: Chunk             |    14 |     8 ||    22
Armor: Leather armour    |    12 |    12 ||    24
Dodge: Dodged            |    41 |    38 ||    79

Table legend:
 A = Spawn XP
 B = Non-spawn XP
 C = Spawn XP percentage of total XP
 D = Spawn monster count
 E = Non-spawn monster count
 F = Spawn count percentage of total count
 G = Total turns spent on level
                    A         B        C        D         E        F      G
               +---------+---------+-------+---------+---------+-------+---------
         Total |       0 |     163 |   0.0 |       0 |      35 |   0.0 |  1077
               +---------+---------+-------+---------+---------+-------+---------
           D:1 |       0 |      13 |   0.0 |       0 |       6 |   0.0 |   124
           D:2 |       0 |       3 |   0.0 |       0 |       1 |   0.0 |    33
           D:3 |       0 |     103 |   0.0 |       0 |      24 |   0.0 |   643
           D:4 |       0 |      44 |   0.0 |       0 |       4 |   0.0 |   140
               +---------+---------+-------+---------+---------+-------+---------
